 Dungeon Crawl Stone Soup version 0.32-a0-685-g93135e86f0 (webtiles) character file.

Game seed: 3782977300309356331

700 ytrimaz the Cleaver (level 7, -6/49 (52) HPs)
             Began as a Coglin Fighter on Mar 12, 2024.
             Mangled by an ogre
             ... wielding a +0 giant club
              (18 damage)
             ... on level 5 of the Dungeon.
             The game lasted 00:02:11 (3069 turns).

ytrimaz the Cleaver (Coglin Fighter)                Turns: 3069, Time: 00:02:12

HP:   -6/49 (52)    AC:  7    Str: 18    XL:     7   Next: 65%
MP:   7/7           EV:  9    Int:  8    God:
Gold: 201           SH:  0    Dex: 13    Spells: 6/6 levels left

rFire   . . .        a - +0 war axe (freeze) {Luis}
rCold   . . .        g - +2 dagger (drain) {Udom}
rNeg    . . .        b - +1 scale mail
rPois   .            (no helmet)
rElec   .            (no cloak)
rCorr   .            (no gloves)
SInv    .            (no boots)
Will    .....        (amulet unavailable) Stlth
                     (ring unavailable)
HPRegen 0.28/turn    (ring unavailable)
MPRegen 0.10/turn    (no gizmo)

%: no passive effects
@: mighty, drained, revved
A: off-hand wielding, slow wielding, warmup strikes, no jewellery
a: Invent Gizmo


You were on level 5 of the Dungeon.
You visited 1 branch of the dungeon, and saw 5 of its levels.

You collected 201 gold pieces.


Innate Abilities, Weirdness & Mutations

You can wield a second weapon in your off-hand.
It takes a long time for you to wield or remove held weapons.
Your first few attacks do less damage.
You cannot equip rings or amulets.


   Skills:
 - Level 3.0 Fighting
 + Level 8.4 Axes
 - Level 2.6 Armour
 - Level 2.1 Shields


You had 6 spell levels left.
You didn't know any spells.
Your spell library contained the following spells:

 Spells                   Type           Power      Damage    Failure   Level
 Shock                    Conj/Air       0%         1d3       80%         1
 Swiftness                Air            0%         N/A       99%         3
 Airstrike                Air            0%         2d(0-16)  100%        4
 Alistair's Intoxication  Alch           0%         N/A       100%        5
 Borgnjor's Vile Clutch   Necr/Erth      0%         N/A       100%        5
 Eringya's Noxious Bog    Alch           0%         4d6       100%        6

Inventory:

Hand Weapons
 a - a +0 war axe of freezing (weapon) {Luis}
 g - a +2 dagger of draining (offhand) {Udom}
   (You took it off a kobold on level 1 of the Dungeon)
Armour
 b - a +1 scale mail (worn)
 c - a +0 buckler
Wands
 p - a wand of flame (19)
   (You took it off Duvessa on level 4 of the Dungeon)
Scrolls
 e - 2 scrolls of teleportation
 h - a scroll of silence
 i - a scroll of identify
 k - a scroll of noise
Potions
 f - a potion of attraction {unknown}
 j - a potion of heal wounds
 l - 2 potions of brilliance {unknown}
 m - a potion of cancellation {unknown}
 n - a potion of curing {unknown}
 o - a potion of haste {unknown}

Dungeon Overview and Level Annotations

Branches:
Dungeon (5/15) Zot: 26877
 Temple: D:4-7

Altars:
Gozag
Kikubaaqudgha

Shops:
D:1 ! D:3

* ......## ##+## #......#
##..)## #.#.#..# ##.....##
#......# ##.......## .#
.......###.........###....
#........'.........'......
#.......##.........###..##
#<......###......O## .#
#######.# ##...z@## #.#
##..z## #.##........
#.##.###.##. #.## #.# ..
#.. ..


You could see an ogre and 2 wights.


Message History

😎 HP[+1]
Your hp is fully restored (52).
Unknown command.
You hit the hound but do no damage. You drain the hound.
You barely miss the hound with your +0 war axe of freezing.
The hound completely misses you. The hound closely misses you.
You barely miss the hound with your +2 dagger of draining.
You hit the hound with your +0 war axe of freezing.
You freeze the hound.
You kill the hound!
You hit the orc with your +0 war axe of freezing.
You freeze the orc.
You barely miss the orc with your +2 dagger of draining.
The orc closely misses you.
An orc comes into view. It is wielding a +0 mace.
Unknown command.
You barely miss the orc with your +0 war axe of freezing.
The orc shouts!
You hit the orc with your +2 dagger of draining.
You kill the orc!
You barely miss the orc with your +2 dagger of draining.
You slash the orc with your +0 war axe of freezing!
You freeze the orc.
You kill the orc!
Items here: )) ††.
Unknown command.
You slash the orc with your +0 war axe of freezing!
You freeze the orc.
You kill the orc!
No target in view!
You see here a +0 mace.
Unknown command.
No target in view!
There is a stone staircase leading up here.
Found a stone staircase leading up.
You open the door.
There is an open door here.
As you open the door, it creaks loudly!
You hear a shout!
A wight comes into view. It is wielding a +2 war axe.
A wight is nearby!
A wight comes into view. It is wielding a +3 dagger.
There are monsters nearby!
The wight hits you with a +2 war axe.
You feel drained. 😕 HP[-2]
You now have 51 max hp (-1).
You take 2 damage, and now have 50/51 hp.
You hit the wight with your +0 war axe of freezing.
You hit the wight but do no damage.
A wight comes into view. It is wielding a +0 flail.
You hit the wight with your +2 dagger of draining.
You slash the wight with your +0 war axe of freezing!
You hit the wight with your +0 war axe of freezing.
The wight closely misses you. The wight barely misses you.
Unknown command.
You closely miss the wight with your +0 war axe of freezing.
You hit the wight but do no damage.
You closely miss the wight with your +2 dagger of draining.
An ogre comes into view. It is wielding a +0 giant club.
The wight hits you with a +2 war axe!
You feel drained. The wight hits you with a +0 flail.
You feel drained. 😮 HP[-22]
You now have 47 max hp (-4).
You take 22 damage, and now have 28/47 hp.
MASSIVE DAMAGE!! (PAUSE)
You feel very mighty all of a sudden.
The ogre shouts!
The wight hits you with a +2 war axe!
* * * LOW HITPOINT WARNING * * *
The wight hits you with a +0 flail.
* * * LOW HITPOINT WARNING * * *
😨 HP[-13]
You take 13 damage, and now have 15/47 hp.
MASSIVE DAMAGE!! (PAUSE) Unknown command.
You hit the wight with your +2 dagger of draining.
You closely miss the wight with your +0 war axe of freezing.
You barely miss the wight with your +0 war axe of freezing.
The wight barely misses you. The wight hits you with a +0 flail!
* * * LOW HITPOINT WARNING * * *
😱 HP[-14]
You take 14 damage, and now have 1/47 hp.
MASSIVE DAMAGE!! (PAUSE) Unknown command.
You hit the wight with your +2 dagger of draining.
You destroy the wight!
You slash the wight with your +0 war axe of freezing!
You now have 50 max hp (+3).
Unknown command.
Unknown command.
It was a potion of heal wounds.
You feel much better. The wight hits you with a +3 dagger.
* * * LOW HITPOINT WARNING * * *
You feel drained.
* * * LOW HITPOINT WARNING * * *
The wight closely misses you.
The ogre hits you with a +0 giant club!!
You die...

Skill      XL: |  1  2  3  4  5  6  7 |
---------------+----------------------+-----
Axes           | 3 4 5 6 7 8 |  8.4
Fighting       | |  3.0
Armour         | |  2.6
Shields        | |  2.1

Action                     |  1- 3 |  4- 6 |  7- 9 || total
---------------------------+-------+-------+-------++-------
  Melee: War axe           |    51 |    45 |    25 ||   121
         Dagger            |    30 |    43 |    22 ||    95
    Use: Scroll            |     5 |     5 |       ||    10
         Potion            |       |       |     2 ||     2
 Armour: Scale mail        |    44 |    53 |    20 ||   117
  Dodge: Dodged            |    33 |    30 |    16 ||    79
  Block: Buckler           |     2 |       |       ||     2

Levels and vault maps discovered:
D:1:      shiori_arrival_whats_in_store_for_you, layout_basic, serial_glass,
          glass_columns_b, glass_columns_a, serial_shops,
          nicolae_shop_peninsula, minmay_box_of_dots
D:2:      layout_basic
D:3:      wander_river, layout_rooms, nicolae_gozag_zags_fifth_avenue,
          kiku_gazebo_garden_becter, shapermc_ecumenical_altar_gd, uniq_pargi
D:4:      layout_basic, uniq_duvessa, uniq_edmund
D:5:      layout_loops_corners, minmay_temple_entry_butterflies,
          skrybe_limestone_x, uniq_menkaure, uniq_grinder, uniq_prince_ribbit1

Notes
Turn   | Place    | Note
-------+----------+-------------------------------------------
     0 | D:1      | ytrimaz the Coglin Fighter began the quest for the Orb.
     0 | D:1      | Reached XP level 1. HP: 18/18 MP: 1/1
     0 | D:1      | magus.rc [v1.9.6]
    17 | D:1      | Noticed a minotaur skeleton
    35 | D:1      | Found Zimenys's Distillery.
    67 | D:1      | Reached XP level 2. HP: 24/24 MP: 2/2
    83 | D:1      | Reached skill level 3 in Axes
   404 | D:1      | Reached XP level 3. HP: 29/29 MP: 3/3
   520 | D:1      | Reached skill level 4 in Axes
  1050 | D:2      | You add the spells Alistair's Intoxication, Borgnjor's Vile
                  | Clutch and Eringya's Noxious Bog to your library.
  1352 | D:3      | Reached XP level 4. HP: 35/35 MP: 4/4
  1360 | D:3      | You pick up a book of Air and begin reading...
  1360 | D:3      | You add the spells Shock, Swiftness and Airstrike to your
                  | library.
  1413 | D:3      | Found an opulent altar of Gozag.
  1417 | D:3      | Found Gozag's Platinum Reserve.
  1445 | D:3      | Found an ancient bone altar of Kikubaaqudgha.
  1484 | D:3      | Noticed Pargi
  1496 | D:3      | Killed Pargi
  1497 | D:3      | Reached skill level 5 in Axes
  1497 | D:3      | Reached XP level 5. HP: 12/41 MP: 5/5
  1779 | D:3      | Found a faded altar of an unknown god.
  2090 | D:4      | Noticed Edmund
  2101 | D:4      | Killed Edmund
  2102 | D:4      | Reached skill level 6 in Axes
  2102 | D:4      | Reached XP level 6. HP: 23/47 MP: 6/6
  2288 | D:4      | Reached skill level 7 in Axes
  2469 | D:4      | Reached XP level 7. HP: 51/52 MP: 7/7
  2549 | D:4      | Noticed Duvessa
  2552 | D:4      | Noticed Dowan
  2559 | D:4      | Killed Dowan
  2561 | D:4      | HP: 12/52 [Duvessa/+0 short sword (5)]
  2562 | D:4      | Killed Duvessa
  2563 | D:4      | Reached skill level 8 in Axes
  3019 | D:5      | Entered Level 5 of the Dungeon
  3067 | D:5      | HP: 1/47 [wight/+0 flail (14)]
  3069 | D:5      | Mangled by an ogre

Vanquished Creatures
  Edmund (D:4)
  Duvessa (D:4)
  Pargi (D:3)
  A scorpion (D:4)
  A wight (D:5)
  Dowan (D:4)
  2 hounds
  A sleepcap (D:4)
  An iguana (D:4)
  5 gnolls
  An adder (D:4)
  3 dart slugs
  A ribbon worm (D:3)
  4 orcs
  4 bats
  5 endoplasms
  2 giant cockroaches (D:3)
  8 goblins
  4 hobgoblins
  2 quokkas (D:2)
  5 ball pythons
  2 frilled lizards (D:1)
  6 kobolds
  4 rats (D:1)
66 creatures vanquished.

Table legend:
 A = Non-vault XP
 B = Vault XP
 C = Vault XP percentage of total XP
 D = Non-vault monster count
 E = Vault monster count
 F = Vault count percentage of total count
                 A         B        C        D         E       F
            +---------+---------+-------+---------+---------+-------
      Total |     480 |     521 |  52.0 |      57 |       9 |  13.6
            +---------+---------+-------+---------+---------+-------
        D:1 |      49 |      20 |  29.0 |      27 |       5 |  15.6
        D:2 |      10 |       0 |   0.0 |       4 |       0 |   0.0
        D:3 |      18 |     136 |  88.3 |       8 |       1 |  11.1
        D:4 |     274 |     365 |  57.1 |      13 |       3 |  18.8
        D:5 |     129 |       0 |   0.0 |       5 |       0 |   0.0
            +---------+---------+-------+---------+---------+-------

Skill      XL: |  1  2  3  4  5  6  7 |
---------------+----------------------+-----
Axes           | 3 4 5 6 7 8 |  8.4
Fighting       | |  3.0
Armour         | |  2.6
Shields        | |  2.1

Action                     |  1- 3 |  4- 6 |  7- 9 || total
---------------------------+-------+-------+-------++-------
  Melee: War axe           |    51 |    45 |    25 ||   121
         Dagger            |    30 |    43 |    22 ||    95
    Use: Scroll            |     5 |     5 |       ||    10
         Potion            |       |       |     2 ||     2
 Armour: Scale mail        |    44 |    53 |    20 ||   117
  Dodge: Dodged            |    33 |    30 |    16 ||    79
  Block: Buckler           |     2 |       |       ||     2

Illustrated notes

Table legend:
 A = Kills in this place as a percentage of kills in the entire game.
 B = Kills by you in this place as a percentage of kills by you in the entire game.
 C = Kills by friends in this place as a percentage of kills by friends in the entire game.
 D = Other kills in this place as a percentage of other kills in the entire game.
 E = Experience gained in this place as a percentage of experience gained in the entire game.
 F = Experience gained in this place divided by the number of levels of this place that you have seen.
                   A       B       C       D       E      F
               +-------+-------+-------+-------+-------+----------------------
         Total | 100.0 | 100.0 |   N/A |   N/A | 100.0 | 200.2
       Dungeon | 100.0 | 100.0 |   N/A |   N/A | 100.0 | 200.2
               +-------+-------+-------+-------+-------+----------------------

Table legend: (Time is in decaauts)
 A = Elapsed time spent in this place.
 B = Non-inter-level travel time spent in this place.
 C = Inter-level travel time spent in this place.
 D = Time resting spent in this place.
 E = Time spent auto-exploring this place.
 F = Levels seen in this place.
 G = Mean time per level.
                   A        B        C        D        E       F      G
               +--------+--------+--------+--------+--------+-----+--------+
         Total |   3122 |   3064 |     58 |      3 |   2665 |   5 |  624.4 |
       Dungeon |   3122 |   3064 |     58 |      3 |   2665 |   5 |  624.4 |
               +--------+--------+--------+--------+--------+-----+--------+

Top non-repeatable levels by time:
     D:4: 1115 daAuts
     D:2: 763 daAuts
     D:3: 598 daAuts
     D:1: 595 daAuts
     D:5: 50 daAuts
